 Dungeon Crawl Stone Soup version 0.31.0-12-g77e489cdc1 (webtiles) character file.

Game seed: 3142739031856431069

567 lordive the Slasher (level 7, -5/48 HPs)
             Began as an Octopode Fighter on Mar 2, 2024.
             Slain by Eustachio
             ... wielding a +2 rapier of speed
              (10 damage)
             ... on level 4 of the Dungeon.
             The game lasted 00:04:06 (2997 turns).

lordive the Slasher (Octopode Fighter)              Turns: 2997, Time: 00:04:07

Health: -5/48      AC:  1    Str: 15    XL:     7   Next: 33%
Magic:  7/7        EV: 14    Int: 11    God:
Gold:   219        SH:  5    Dex: 13    Spells: 6/6 levels left

rFire   . . .        a - +0 long sword
rCold   . . .        b - +0 buckler
rNeg    . . .        (helmet restricted)
rPois   .            (no amulet)
rElec   .            t - ring of see invisible
rCorr   .            (no ring)
SInv    +            (no ring)
Will    .....        (no ring)
Stlth   ++++         (no ring)
HPRegen 0.28/turn    (no ring)
MPRegen 0.10/turn    (no ring)
                     (no ring)

%: no passive effects
@: no status effects
A: almost no armour, amphibious, 8 rings, camouflage 1, gelatinous body 1,
(nimble swimmer 1), tentacles
a: no special abilities


You were on level 4 of the Dungeon.
You visited 1 branch of the dungeon, and saw 4 of its levels.

You collected 219 gold pieces.

Inventory:

Hand Weapons
 a - a +0 long sword (weapon)
 e - a +0 dagger of venom
Armour
 b - a +0 buckler (worn)
Jewellery
 i - an amulet of faith
 t - a ring of see invisible (left tentacle)
Talismans
 q - a serpent talisman
 u - a maw talisman
Wands
 r - a wand of acid (12)
 v - a wand of paralysis (9)
Scrolls
 f - a scroll of enchant armour {unknown}
 g - 3 scrolls of teleportation {unknown}
 j - a scroll of immolation {unknown}
 l - 2 scrolls of enchant weapon {unknown}
 n - 5 scrolls of identify {unknown}
 s - a scroll of revelation {unknown}
Potions
 c - 2 potions of might
 d - 2 potions of ambrosia {unknown}
 h - 2 potions of enlightenment {unknown}
 k - 2 potions of curing {unknown}
 m - a potion of resistance {unknown}
 o - a potion of berserk rage {unknown}
 p - a potion of degeneration {unknown}


   Skills:
 + Level 4.0 Fighting
 + Level 5.4 Long Blades
 + Level 4.0 Dodging
 + Level 4.4 Stealth
 * Level 3.8 Shields


You had 6 spell levels left.
You didn't know any spells.
Your spell library contained the following spells:

 Spells                   Type           Power      Damage    Failure   Level
 Fugue of the Fallen      Necr           0%         N/A       80%         3
 Ozocubu's Armour         Ice            0%         N/A       80%         3
 Manifold Assault         Tloc           0%         N/A       99%         4


Dungeon Overview and Level Annotations

Branches:
Dungeon (4/15)
 Temple: D:4-7

Altars:
Makhleb
Ru

Annotations:
D:4 Eustachio


Innate Abilities, Weirdness & Mutations

You cannot wear most types of armour.
You are amphibious.
You can wear up to eight rings at the same time.
Your skin changes colour to match your surroundings (Stealth+).
Your rubbery body absorbs attacks. (AC +1, EV +1)
((You are camouflaged when in or above water. (Stealth+)))
You have tentacles for arms and can constrict up to eight enemies at once.


Message History

The iron imp shouts, "Quit, thou warped fat-kidneyed tiler!"
The iron imp misses you.
You hit Eustachio. Your grab misses Eustachio.
Eustachio is almost dead.
Eustachio mumbles some strange words.
Eustachio blinks!
The crimson imp disappears in a puff of smoke!
The iron imp hits you.
Eustachio mumbles some strange words.
The iron imp misses you.
The iron imp disappears in a puff of smoke!
Eustachio closely misses you.
Eustachio casts a spell.
You block the shadow imp's attack.
Unknown command.
You hit Eustachio but do no damage. Your grab misses Eustachio.
Eustachio is almost dead.
Eustachio gestures wildly while chanting.
You block the ufetubus's attack. The ufetubus hits you.
The river rat bites you!
* * * LOW HITPOINT WARNING * * *
The shadow imp closely misses you.
You barely miss Eustachio. Your grab misses Eustachio.
Your squeeze misses Eustachio.
Eustachio is almost dead.
The quokka disappears in a puff of smoke!
The ufetubus completely misses you. You block the ufetubus's attack.
You block Eustachio's attack. The shadow imp closely misses you.
The river rat bites you.
* * * LOW HITPOINT WARNING * * *
The river rat barely misses you.
You barely miss Eustachio. Your grab misses Eustachio.
Eustachio is almost dead.
The ufetubus slips past you! The ufetubus hits you.
* * * LOW HITPOINT WARNING * * *
The ufetubus hits you.
* * * LOW HITPOINT WARNING * * *
Eustachio hits you with a +2 rapier of speed!
You die...
Eustachio twirls his moustache.

.##.#.##..####.##.###
.....##............# .
).......####.##.### .
#.#..#..####....#####.
####.....................
#..........###..###...... #
#####....[#ยง###...##......
.. ........rb@5......##......
#.#####...5@#.####..##......
##.........r5..!.##..##......
.....###.....#.###...........
.............................
.............#.###...##...#..
##.#####.....#.###...###..#..
#.....#...............
#.....#####.....#.....
#.....# #.....##.>#.


You could see Eustachio, 2 river rats, 2 shadow imps, an ufetubus (summoned) and
a bat (summoned).

Vanquished Creatures
  Grinder (D:3)
  Sigmund (D:2)
  Pargi (D:2)
  An orc priest (D:3)
  An orc wizard (D:3)
  2 adders
  3 dart slugs
  3 orcs (D:3)
  2 bats
  10 endoplasms
  4 giant cockroaches
  5 goblins
  5 hobgoblins
  5 jackals
  A quokka (D:3)
  7 ball pythons
  A frilled lizard (D:1)
  6 kobolds
  3 rats (D:1)
62 creatures vanquished.

Notes
Turn   | Place    | Note
-------+----------+-------------------------------------------
     0 | D:1      | lordive the Octopode Fighter began the quest for the Orb.
     0 | D:1      | Reached XP level 1. HP: 16/16 MP: 1/1
   111 | D:1      | Reached XP level 2. HP: 21/21 MP: 2/2
   292 | D:1      | Reached skill level 1 in Stealth
   292 | D:1      | Reached XP level 3. HP: 23/26 MP: 3/3
  1199 | D:2      | Noticed Sigmund
  1206 | D:2      | Killed Sigmund
  1207 | D:2      | Reached skill level 3 in Long Blades
  1207 | D:2      | Reached XP level 4. HP: 31/32 MP: 4/4
  1207 | D:2      | Reached XP level 5. HP: 35/36 MP: 5/5
  1719 | D:3      | Noticed Grinder
  1723 | D:3      | Paralysed by Grinder for 5 turns
  1732 | D:3      | Killed Grinder
  1733 | D:3      | Reached skill level 4 in Long Blades
  1733 | D:3      | Reached XP level 6. HP: 9/43 MP: 6/6
  1878 | D:3      | Found a sacrificial altar of Ru.
  1953 | D:3      | Noticed Pargi
  2311 | D:3      | Reached XP level 7. HP: 25/47 MP: 7/7
  2315 | D:3      | Reached skill level 5 in Long Blades
  2435 | D:2      | Killed Pargi
  2841 | D:3      | Found a burning altar of Makhleb.
  2975 | D:4      | Noticed Eustachio
  2997 | D:4      | Slain by Eustachio

Illustrated notes

Levels and vault maps discovered:
D:1:      lightli_arrival_flooded_house, layout_basic, bh_walls_and_bars
D:2:      layout_loops_ring, uniq_sigmund
D:3:      layout_loops_cross, lightli_temple_of_fire, hangedman_ru_absence,
          minivault_23, uniq_grinder, uniq_pargi
D:4:      layout_basic, gammafunk_temple_overflow_statue,
          minmay_temple_entry_fiery, uniq_eustachio

Skill      XL: |  1  2  3  4  5  6  7 |
---------------+----------------------+-----
Stealth        | 1 3 4 |  4.4
Long Blades    | 3 4 5 |  5.4
Fighting       | 4 |  4.0
Dodging        | 4 |  4.0
Shields        | |  3.8

Action                     |  1- 3 |  4- 6 |  7- 9 || total
---------------------------+-------+-------+-------++-------
  Melee: Long sword        |    56 |    37 |    43 ||   136
         Constrict         |    14 |     7 |     7 ||    28
         Tentacles         |    11 |     7 |    13 ||    31
         Punch             |       |       |     1 ||     1
   Stab: Sleeping          |     9 |     3 |     4 ||    16
 Armour: Skin              |    21 |    24 |    40 ||    85
  Dodge: Dodged            |    44 |    23 |    39 ||   106
  Block: Buckler           |    17 |    12 |    17 ||    46
